2583 views
Uploaded 2019-12-26 18:49:58
Game version 1.32.0.4
24:52 long 1on1 ladder game on (2)LastRefuge
Saved by BEARAND
2583 views
Uploaded 2019-12-26 18:49:58
Game version 1.32.0.4
24:52 long 1on1 ladder game on (2)LastRefuge

20 units @ 1.6k
/ 0k
98 buildings @ 5.1k
/ 2.9k



x1)
| Scroll of Regeneration | 1 | 100 |
| Potion of Healing | 1 | 150 |
| Lesser Clarity Potion | 2 | 140 |
| Staff of Sanctuary | 3 | 750 |
| Orb of Fire | 3 | 975 |
| Boots of Speed | 3 | 750 |
| Staff of Teleportation | 3 | 450 |
| Periapt of Vitality | 1 | 325 |
| Tome of Retraining | 1 | 300 |
| total: | 18 | 3940g |
| Peasant | 18 | 1350 | / | 0 |
| Priest | 1 | 135 | / | 10 |
| Sorceress | 1 | 155 | / | 20 |
| total: | 20 | 1640g | / | 30w |
| Scout Tower | 83 | 2490 | / | 1660 |
| Arcane Tower | 12 | 840 | / | 600 |
| Guard Tower | 33 | 2310 | / | 1650 |
| Altar of Kings | 1 | 180 | / | 50 |
| Farm | 4 | 320 | / | 80 |
| Lumber Mill | 1 | 120 | / | 0 |
| Arcane Vault | 2 | 260 | / | 60 |
| Town Hall | 3 | 1155 | / | 615 |
| Blacksmith | 1 | 140 | / | 60 |
| Barracks | 1 | 160 | / | 60 |
| Arcane Sanctum | 1 | 150 | / | 140 |
| Gryphon Aviary | 1 | 140 | / | 150 |
| Keep | 1 | 320 | / | 210 |
| Castle | 2 | 720 | / | 420 |
| total: | 98 | 5115g | / | 2875w |
| 0:03 | Peasant |
| 0:11 | Altar of Kings |
| 0:17 | Peasant |
| 0:19 | Farm |
| 0:23 | Peasant |
| 0:28 | Farm |
| 0:30 | Scout Tower |
| 0:31 | Peasant |
| 0:36 | Peasant |
| 0:51 | Peasant |
| 1:09 | Peasant |
| 1:21 | Lumber Mill |
| 1:28 | Peasant |
| 1:35 | Scout Tower |
| 1:39 | Scout Tower |
| 1:41 | Arcane Tower |
| 1:44 | Peasant |
| 2:11 | Summon Water Elemental |
| 2:50 | Scout Tower |
| 2:51 | Peasant |
| 2:51 | Peasant |
| 2:51 | Peasant |
| 2:52 | Guard Tower |
| 2:52 | Guard Tower |
| 3:03 | Scout Tower |
| 3:04 | Scout Tower |
| 3:05 | Scout Tower |
| 3:06 | Peasant |
| 3:19 | Guard Tower |
| 3:33 | Peasant |
| 3:39 | Brilliance Aura |
| 4:06 | Keep |
| 4:15 | Guard Tower |
| 4:19 | Farm |
| 4:19 | Farm |
| 4:34 | Guard Tower |
| 4:35 | Scout Tower |
| 4:36 | Scout Tower |
| 4:36 | Scout Tower |
| 4:37 | Scout Tower |
| 4:38 | Scout Tower |
| 4:38 | Scout Tower |
| 4:39 | Scout Tower |
| 4:40 | Scout Tower |
| 4:41 | Scout Tower |
| 4:55 | Boots of Speed |
| 4:55 | Staff of Teleportation |
| 5:27 | Guard Tower |
| 5:28 | Improved Masonry |
| 6:16 | Arcane Vault |
| 6:22 | Guard Tower |
| 6:31 | Advanced Masonry |
| 6:31 | Improved Lumber Harvesting |
| 6:52 | Peasant |
| 6:52 | Peasant |
| 6:52 | Peasant |
| 7:05 | Arcane Sanctum |
| 7:11 | Guard Tower |
| 7:21 | Scroll of Regeneration |
| 7:25 | Storm Bolt |
| 8:10 | Town Hall |
| 8:14 | Scout Tower |
| 8:15 | Scout Tower |
| 8:15 | Scout Tower |
| 8:16 | Scout Tower |
| 8:16 | Scout Tower |
| 8:17 | Scout Tower |
| 8:17 | Scout Tower |
| 8:17 | Scout Tower |
| 8:18 | Scout Tower |
| 8:19 | Scout Tower |
| 8:19 | Scout Tower |
| 8:20 | Scout Tower |
| 8:33 | Summon Water Elemental |
| 8:49 | Guard Tower |
| 9:17 | Bash |
| 9:19 | Guard Tower |
| 9:24 | Peasant |
| 9:38 | Boots of Speed |
| 9:38 | Staff of Teleportation |
| 9:43 | Guard Tower |
| 9:44 | Arcane Tower |
| 9:55 | Castle |
| 10:15 | Guard Tower |
| 10:16 | Guard Tower |
| 10:18 | Scout Tower |
| 10:36 | Guard Tower |
| 10:37 | Guard Tower |
| 10:45 | Magic Sentry |
| 10:45 | Priest |
| 11:00 | Arcane Tower |
| 11:01 | Arcane Tower |
| 11:01 | Guard Tower |
| 11:04 | Potion of Healing |
| 11:05 | Lesser Clarity Potion |
| 11:05 | Lesser Clarity Potion |
| 11:43 | Storm Bolt |
| 11:51 | Priest Adept Training |
| 11:58 | Arcane Vault |
| 11:59 | Guard Tower |
| 11:59 | Guard Tower |
| 12:48 | Imbued Masonry |
| 12:49 | Advanced Lumber Harvesting |
| 12:51 | Scout Tower |
| 12:51 | Scout Tower |
| 12:52 | Scout Tower |
| 12:52 | Scout Tower |
| 13:06 | Scout Tower |
| 13:07 | Scout Tower |
| 13:08 | Scout Tower |
| 13:08 | Scout Tower |
| 13:08 | Scout Tower |
| 13:09 | Scout Tower |
| 13:29 | Holy Light |
| 13:37 | Staff of Sanctuary |
| 13:39 | Orb of Fire |
| 13:39 | Orb of Fire |
| 13:56 | Guard Tower |
| 14:00 | Boots of Speed |
| 14:00 | Staff of Teleportation |
| 14:03 | Periapt of Vitality |
| 15:03 | Divine Shield |
| 15:41 | Arcane Tower |
| 15:41 | Guard Tower |
| 15:43 | Scout Tower |
| 15:46 | Scout Tower |
| 15:48 | Scout Tower |
| 15:48 | Scout Tower |
| 15:49 | Scout Tower |
| 15:49 | Scout Tower |
| 16:05 | Brilliance Aura |
| 16:57 | Holy Light |
| 17:05 | Staff of Sanctuary |
| 17:18 | Orb of Fire |
| 17:18 | Staff of Sanctuary |
| 17:34 | Scout Tower |
| 17:35 | Scout Tower |
| 18:22 | Town Hall |
| 18:36 | Tome of Retraining |
| 18:36 | Retrain Hero |
| 18:37 | Blizzard |
| 18:37 | Brilliance Aura |
| 18:37 | Blizzard |
| 18:37 | Brilliance Aura |
| 18:40 | Arcane Tower |
| 18:42 | Guard Tower |
| 18:43 | Guard Tower |
| 19:30 | Town Hall |
| 19:32 | Scout Tower |
| 19:33 | Scout Tower |
| 19:34 | Scout Tower |
| 19:34 | Scout Tower |
| 19:35 | Scout Tower |
| 19:35 | Scout Tower |
| 19:35 | Scout Tower |
| 19:36 | Scout Tower |
| 19:36 | Scout Tower |
| 19:37 | Scout Tower |
| 19:37 | Scout Tower |
| 19:38 | Scout Tower |
| 19:38 | Scout Tower |
| 19:38 | Scout Tower |
| 19:39 | Scout Tower |
| 19:39 | Scout Tower |
| 19:58 | Bash |
| 20:06 | Arcane Tower |
| 20:07 | Guard Tower |
| 20:10 | Scout Tower |
| 20:10 | Scout Tower |
| 20:11 | Scout Tower |
| 20:11 | Scout Tower |
| 20:12 | Scout Tower |
| 20:12 | Scout Tower |
| 20:13 | Scout Tower |
| 20:13 | Scout Tower |
| 20:13 | Scout Tower |
| 20:14 | Scout Tower |
| 20:14 | Scout Tower |
| 20:15 | Scout Tower |
| 20:18 | Gryphon Aviary |
| 20:19 | Blacksmith |
| 20:21 | Barracks |
| 21:04 | Arcane Tower |
| 21:04 | Arcane Tower |
| 21:05 | Guard Tower |
| 21:43 | Guard Tower |
| 21:49 | Sorceress |
| 21:49 | Sorceress Adept Training |
| 22:07 | Arcane Tower |
| 22:09 | Arcane Tower |
| 22:10 | Guard Tower |
| 22:15 | Guard Tower |
| 22:16 | Scout Tower |
| 22:17 | Scout Tower |
| 22:17 | Scout Tower |
| 22:18 | Scout Tower |
| 22:19 | Scout Tower |
| 22:19 | Scout Tower |
| 22:20 | Scout Tower |
| 22:21 | Scout Tower |
| 22:28 | Guard Tower |
| 23:13 | Guard Tower |
| 23:16 | Guard Tower |
| Right click | 1724 |
| Select | 615 |
| Select group | 361 |
| Chat | 247 |
| Build/train/purchase | 216 |
| Use ability | 58 |
| Assign group | 48 |
| Item give/drop | 17 |
| Misc. action | 11 |
/ 0.3k
55 buildings @ 3.5k
/ 1.4k

| Peasant | 16 | 1200 | / | 0 |
| Footman | 8 | 1080 | / | 0 |
| Rifleman | 9 | 1845 | / | 270 |
| total: | 33 | 4125g | / | 270w |
| Scout Tower | 32 | 960 | / | 640 |
| Guard Tower | 18 | 1260 | / | 900 |
| Arcane Tower | 4 | 280 | / | 200 |
| Altar of Kings | 2 | 360 | / | 100 |
| Farm | 14 | 1120 | / | 280 |
| Barracks | 3 | 480 | / | 180 |
| Blacksmith | 1 | 140 | / | 60 |
| Lumber Mill | 1 | 120 | / | 0 |
| Arcane Vault | 1 | 130 | / | 30 |
| Cannon Tower | 1 | 120 | / | 100 |
| Workshop | 1 | 140 | / | 140 |
| Keep | 2 | 640 | / | 420 |
| Castle | 1 | 360 | / | 210 |
| total: | 55 | 3450g | / | 1430w |
| 0:06 | Peasant |
| 0:06 | Peasant |
| 0:07 | Peasant |
| 0:07 | Peasant |
| 0:09 | Peasant |
| 0:11 | Peasant |
| 0:13 | Peasant |
| 0:31 | Altar of Kings |
| 0:38 | Altar of Kings |
| 0:46 | Farm |
| 0:56 | Barracks |
| 1:09 | Peasant |
| 1:10 | Peasant |
| 1:11 | Peasant |
| 1:28 | Farm |
| 2:06 | Footman |
| 2:06 | Footman |
| 2:15 | Blacksmith |
| 2:20 | Lumber Mill |
| 2:27 | Farm |
| 2:55 | Holy Light |
| 3:04 | Footman |
| 3:05 | Footman |
| 3:37 | Barracks |
| 3:41 | Farm |
| 3:55 | Rifleman |
| 3:56 | Rifleman |
| 4:04 | Iron Forged Swords |
| 4:04 | Iron Plating |
| 4:05 | Black Gunpowder |
| 4:13 | Improved Masonry |
| 4:25 | Farm |
| 4:48 | Rifleman |
| 4:53 | Scout Tower |
| 4:58 | Studded Leather Armor |
| 5:05 | Scout Tower |
| 5:12 | Peasant |
| 5:12 | Peasant |
| 5:23 | Devotion Aura |
| 5:37 | Scout Tower |
| 5:40 | Scout Tower |
| 5:43 | Guard Tower |
| 6:33 | Rifleman |
| 6:36 | Guard Tower |
| 6:45 | Scout Tower |
| 6:53 | Scout Tower |
| 7:48 | Devotion Aura |
| 8:03 | Farm |
| 8:06 | Farm |
| 8:09 | Keep |
| 8:20 | Peasant |
| 8:20 | Peasant |
| 8:23 | Peasant |
| 8:24 | Peasant |
| 8:33 | Farm |
| 8:35 | Farm |
| 8:39 | Scout Tower |
| 8:46 | Farm |
| 8:51 | Rifleman |
| 8:58 | Keep |
| 9:04 | Arcane Tower |
| 9:06 | Arcane Tower |
| 9:15 | Scout Tower |
| 9:17 | Guard Tower |
| 10:26 | Arcane Tower |
| 10:31 | Footman |
| 10:32 | Footman |
| 10:32 | Footman |
| 10:41 | Rifleman |
| 10:45 | Rifleman |
| 10:49 | Defend |
| 11:38 | Divine Shield |
| 12:19 | Scout Tower |
| 12:25 | Scout Tower |
| 12:38 | Refined Gunpowder |
| 12:38 | Reinforced Leather Armor |
| 12:39 | Steel Forged Swords |
| 12:40 | Steel Plating |
| 12:46 | Long Rifles |
| 12:54 | Advanced Masonry |
| 13:08 | Scout Tower |
| 13:12 | Guard Tower |
| 13:15 | Scout Tower |
| 13:29 | Farm |
| 13:48 | Scout Tower |
| 13:51 | Scout Tower |
| 13:53 | Guard Tower |
| 13:55 | Guard Tower |
| 14:02 | Guard Tower |
| 14:59 | Barracks |
| 15:06 | Farm |
| 15:09 | Guard Tower |
| 15:12 | Guard Tower |
| 15:20 | Farm |
| 15:25 | Farm |
| 15:45 | Workshop |
| 15:50 | Scout Tower |
| 16:11 | Scout Tower |
| 16:16 | Scout Tower |
| 16:28 | Scout Tower |
| 16:31 | Guard Tower |
| 16:34 | Footman |
| 17:01 | Cannon Tower |
| 17:12 | Scout Tower |
| 17:14 | Scout Tower |
| 17:19 | Guard Tower |
| 17:22 | Arcane Tower |
| 17:43 | Arcane Vault |
| 18:17 | Scout Tower |
| 18:19 | Scout Tower |
| 18:22 | Scout Tower |
| 18:27 | Guard Tower |
| 18:29 | Guard Tower |
| 18:51 | Castle |
| 19:03 | Scout Tower |
| 19:06 | Scout Tower |
| 19:09 | Scout Tower |
| 19:24 | Scout Tower |
| 19:50 | Guard Tower |
| 19:53 | Scout Tower |
| 20:10 | Rifleman |
| 20:12 | Rifleman |
| 20:22 | Scout Tower |
| 20:25 | Scout Tower |
| 20:29 | Scout Tower |
| 20:32 | Guard Tower |
| 20:45 | Scout Tower |
| 20:54 | Guard Tower |
| 20:55 | Guard Tower |
| 21:08 | Guard Tower |
| Select | 244 |
| Right click | 237 |
| Build/train/purchase | 82 |
| Chat | 30 |
| Use ability | 9 |
| Item give/drop | 6 |
| Remove unit | 6 |